Map: Proxima Station LE

Players

Harstem - Winner!

  • Race: Protoss Protoss
  • Spawn Location: 1:00

Stats

  • Race: Protoss Protoss
  • Spawn Location: 7:00

Event: IEM XI Katowice - World Championship 2017

VOD

Have the link to the VOD?

Description

Time

  • Played on: March 2, 2017, 1:47 p.m.
  • Length: 10:01

All games in this series

Show
View Real Time Build Order
Export as new Build Order

Harstem Protoss - Winner!

Build Orders: Phoenix Opening 

Get SALT Encoding   

  12  0:01  Probe (Chrono Boost)  
  13  0:11  Probe (Chrono Boost)  
  14  0:18  Pylon  
  14  0:22  Probe (Chrono Boost)  
  15  0:36  Probe (Chrono Boost)  
  15  0:38  Gateway  
  16  0:46  Probe (Chrono Boost)  
  17  0:54  Assimilator  
  17  0:57  Probe (Chrono Boost)  
  18  1:08  Probe (Chrono Boost)  
  19  1:21  Pylon  
  19  1:27  Cybernetics Core  
  19  1:29  Probe (Chrono Boost)  
  19  1:32  Assimilator  
  21  1:40  Pylon, Probe (Chrono Boost)  
  21  1:50  Probe (Chrono Boost)  
  22  2:01  Probe (Chrono Boost)  
  23  2:13  Mothership Core (Chrono Boost)  
  23  2:15  Nexus  
  25  2:16  Warp Gate  
  27  2:31  Probe (Chrono Boost)  
  26  2:42  Stargate, Probe (Chrono Boost)  
  27  2:46  Stalker  
  29  2:54  Probe (Chrono Boost)  
  29  2:55  Pylon  
  31  3:06  Probe (Chrono Boost)  
  31  3:17  Probe (Chrono Boost)  
  31  3:18  Assimilator  
  32  3:26  Phoenix  
  34  3:27  Probe (Chrono Boost)  
  34  3:28  Probe (Chrono Boost)  
  36  3:36  Stargate  
  36  3:38  Probe x2 (Chrono Boost)  
  38  3:48  Pylon, Probe (Chrono Boost)  
  39  3:50  Phoenix, Probe (Chrono Boost)  
  42  3:59  Probe (Chrono Boost)  
  44  4:03  Probe (Chrono Boost)  
  44  4:09  Probe (Chrono Boost)  
  45  4:12  Phoenix  
  45  4:15  Probe (Chrono Boost)  
  48  4:19  Phoenix  
  48  4:21  Probe (Chrono Boost)  
  51  4:27  Probe (Chrono Boost)  
  52  4:33  Probe (Chrono Boost)  
  52  4:35  Robotics Facility  
  54  4:38  Phoenix  
  54  4:39  Probe (Chrono Boost)  
  54  4:45  Probe (Chrono Boost)  
  57  4:47  Pylon  
  57  4:49  Phoenix  
  57  4:52  Probe (Chrono Boost)  
  58  4:59  Probe (Chrono Boost)  
  61  5:00  Assimilator  
  61  5:06  Adept  
  63  5:08  Pylon  
  63  5:11  Void Ray  
  65  5:22  Immortal  
  65  5:28  Probe (Chrono Boost)  
  70  5:32  Pylon  
  71  5:36  Pylon, Probe (Chrono Boost)  
  71  5:39  Adept  
  73  5:43  Gateway  
  73  5:44  Pylon  
  73  5:49  Void Ray  
  76  6:03  Adept  
  78  6:04  Immortal  
  78  6:09  Pylon  
  82  6:15  Probe (Chrono Boost)  
  82  6:16  Void Ray  
  83  6:20  Pylon, Probe (Chrono Boost)  
  83  6:22  Pylon  
  88  6:29  Pylon, Sentry  
  90  6:38  Void Ray  
  94  6:41  Immortal  
  98  6:50  Gateway  
  98  6:56  Void Ray  
  98  6:58  Pylon  
  98  7:07  Forge  
  102  7:21  Warp Prism  
  102  7:25  Nexus  
  102  7:28  Void Ray  
  104  7:34  Sentry  
  104  7:35  Adept  
  112  7:37  Pylon  
  112  7:38  Void Ray  
  116  7:52  Pylon  
  116  7:54  Observer, Stalker  
  119  8:02  Probe (Chrono Boost)  
  119  8:04  Probe (Chrono Boost)  
  121  8:12  Robotics Bay  
  122  8:14  Probe (Chrono Boost)  
  122  8:16  Probe (Chrono Boost)  
  123  8:23  Adept x3  
  129  8:30  Probe (Chrono Boost)  
  129  8:33  Assimilator  
  130  8:35  Void Ray  
  130  8:38  Assimilator  
  134  8:46  Adept  
  134  8:47  Adept x2  
  138  8:55  Disruptor  
  136  9:01  Probe (Chrono Boost)  
  132  9:18  Adept x2  
  132  9:19  Adept  
  130  9:26  Probe (Chrono Boost)  
  130  9:28  Probe (Chrono Boost)  
  130  9:29  Probe (Chrono Boost)  
  140  9:32  Forge  
  130  9:39  Adept  
  130  9:40  Adept  
  130  9:44  Adept  
Show
View Real Time Build Order
Export as new Build Order

Stats Protoss 

Build Orders: Blink Stalkers 

Get SALT Encoding   

  12  0:00  Probe (Chrono Boost)  
  13  0:11  Probe (Chrono Boost)  
  14  0:17  Pylon  
  14  0:22  Probe (Chrono Boost)  
  16  0:35  Probe (Chrono Boost)  
  16  0:37  Gateway  
  16  0:44  Pylon  
  16  0:47  Probe (Chrono Boost)  
  17  0:53  Assimilator  
  17  0:58  Probe (Chrono Boost)  
  17  1:02  Assimilator  
  18  1:08  Probe (Chrono Boost)  
  19  1:19  Probe (Chrono Boost)  
  19  1:24  Cybernetics Core  
  20  1:29  Probe (Chrono Boost)  
  21  1:40  Probe (Chrono Boost)  
  22  1:51  Nexus  
  22  1:55  Probe (Chrono Boost)  
  23  2:01  Warp Gate  
  23  2:06  Mothership Core (Chrono Boost)  
  25  2:16  Stalker  
  27  2:23  Pylon  
  27  2:25  Probe (Chrono Boost)  
  28  2:35  Probe (Chrono Boost)  
  29  2:46  Probe (Chrono Boost), Stalker  
  29  2:50  Twilight Council  
  32  2:56  Probe (Chrono Boost)  
  32  2:57  Pylon  
  33  3:03  Probe (Chrono Boost)  
  34  3:07  Probe (Chrono Boost)  
  35  3:14  Probe (Chrono Boost)  
  35  3:15  Stalker  
  35  3:17  Probe (Chrono Boost)  
  39  3:28  Gateway  
  39  3:30  Gateway  
  39  3:32  Blink  
  39  3:34  Gateway  
  39  3:35  Probe (Chrono Boost)  
  39  3:36  Probe (Chrono Boost)  
  41  3:46  Probe (Chrono Boost)  
  41  3:47  Probe (Chrono Boost)  
  43  3:56  Probe (Chrono Boost)  
  43  3:58  Probe (Chrono Boost)  
  43  4:02  Robotics Facility  
  45  4:07  Probe (Chrono Boost), Stalker  
  45  4:09  Probe (Chrono Boost)  
  49  4:14  Pylon  
  49  4:24  Stalker  
  49  4:28  Probe (Chrono Boost), Stalker  
  49  4:29  Probe (Chrono Boost)  
  55  4:31  Assimilator  
  55  4:32  Stalker  
  58  4:38  Probe (Chrono Boost)  
  58  4:41  Probe (Chrono Boost)  
  58  4:44  Pylon  
  59  4:47  Pylon, Warp Prism  
  61  4:59  Stalker x2  
  65  5:04  Stalker  
  65  5:06  Pylon  
  67  5:10  Pylon  
  67  5:21  Observer  
  67  5:22  Probe x2 (Chrono Boost)  
  67  5:23  Stalker  
  66  5:34  Probe x2 (Chrono Boost)  
  66  5:35  Stalker x2  
  71  5:46  Probe x2 (Chrono Boost)  
  71  5:48  Observer  
  73  5:52  Assimilator  
  74  5:57  Stalker  
  74  5:58  Stalker x2  
  76  6:08  Nexus  
  76  6:10  Pylon  
  77  6:11  Probe (Chrono Boost)  
  77  6:14  Probe (Chrono Boost)  
  78  6:27  Stalker x3  
  78  6:31  Probe x2 (Chrono Boost)  
  86  6:43  Probe x2 (Chrono Boost)  
  86  6:46  Resonating Glaives, Observer  
  89  6:55  Probe x2 (Chrono Boost)  
  89  6:58  Stalker  
  89  6:59  Stalker x2, Templar Archives  
  97  7:08  Probe x2 (Chrono Boost)  
  97  7:11  Pylon  
  97  7:23  Probe (Chrono Boost)  
  97  7:24  Probe (Chrono Boost), Gateway  
  97  7:25  Probe (Chrono Boost)  
  97  7:27  Gateway x2, Sentry x3  
  106  7:35  Pylon  
  106  7:36  Gateway  
  106  7:40  Gateway  
  106  7:42  Probe (Chrono Boost)  
  106  7:44  Probe x2 (Chrono Boost)  
  109  7:46  Pylon  
  109  7:52  Psionic Storm, Adept x3  
  109  7:56  Probe (Chrono Boost)  
  109  7:57  Probe x2 (Chrono Boost)  
  118  8:03  Assimilator x2  
  118  8:10  Probe x3 (Chrono Boost)  
  121  8:15  High Templar  
  121  8:19  Forge  
  123  8:27  Adept x4  
  123  8:28  Adept  
  123  8:31  Warp Prism  
  133  8:35  Pylon  
  133  8:36  Pylon  
  133  8:38  Pylon  
  135  8:47  Pylon  
  135  8:49  Pylon  
  135  8:51  Pylon  
  135  8:57  High Templar x3  
  135  9:01  Adept x3  
  140  9:06  Adept x2  
  126  9:27  Nexus, Adept x3  
  126  9:28  Adept  
  118  9:42  Archon  
  100  9:46  Stalker x2  
  100  9:47  Stalker  

Tags
 
Add a new tag
Caveats
  • Supply blocks, unpowered buildings, or Contaminate may cause inaccurate times.
  • Supply counts are checked every 10 seconds.